 Dungeon Crawl Stone Soup version 0.30.1-3-gfc49f6343a (webtiles) character file.

Game seed: 14906497425783315408

1598 Zeor the Cudgeller (level 8, -1/49 HPs)
             Began as a Gargoyle Monk on July 24, 2023.
             Was a Believer of Wu Jian.
             Slain by an unseen horror (3 damage)
             ... on level 7 of the Dungeon.
             The game lasted 00:15:36 (5749 turns).

Zeor the Cudgeller (Gargoyle Monk)                  Turns: 5749, Time: 00:15:37

Health: -1/49      AC: 15    Str: 16    XL:     8   Next: 94%
Magic:  8/8        EV:  8    Int: 12    God:    Wu Jian [**....]
Gold:   486        SH:  0    Dex: 12    Spells: 7/7 levels left

rFire   . . .        a - +2 quarterstaff (heavy)
rCold   . . .        (shield currently unavailable)
rNeg    + . .        f - +0 chain mail
rPois   ∞            (no helmet)
rElec   +            (no cloak)
rCorr   +            (no gloves)
SInv    .            (no boots)
Will    .....        j - amulet of the acrobat Stlth
                     v - ring of resist corrosion
HPRegen 0.28/turn    (no ring)
MPRegen 0.11/turn

%: acrobat
@: no status effects
A: sickness immunity, AC +5, negative energy resistance 1, electricity
resistance, torment resistance 1, petrification resistance
a: Renounce Religion, Wall Jump


You were on level 7 of the Dungeon.
You worshipped Wu Jian.
Wu Jian was pleased with you.
You visited 2 branches of the dungeon, and saw 8 of its levels.

You collected 596 gold pieces.
You spent 110 gold pieces at shops.

Inventory:

Hand Weapons
 a - a +2 heavy quarterstaff (weapon)
 g - a +0 flail
 m - a +0 mace
Missiles
 b - 6 boomerangs (quivered)
 q - 5 javelins
Armour
 d - an orb of light
 f - a +0 chain mail (worn)
 u - the +0 scale mail of Indemnity {Harm rPois Str-3}
   (You found it on level 6 of the Dungeon)

   Str:       It affects your strength (-3).
   rPois:     It protects you from poison.
   Harm:      It increases damage dealt and taken.
Jewellery
 j - an amulet of the acrobat (around neck)
 v - a ring of resist corrosion (left hand)
Wands
 i - a wand of quicksilver (16)
Scrolls
 e - a scroll of silence
 h - 2 scrolls of poison
 k - 2 scrolls of fear
 n - a scroll of identify
 p - 3 scrolls of teleportation
 r - a scroll of enchant weapon
Potions
 c - a potion of ambrosia
 l - a potion of cancellation
 o - 2 potions of brilliance
 t - a potion of magic


   Skills:
 + Level 5.0 Fighting
 + Level 7.0(8.0) Maces & Flails
 * Level 5.5(7.2) Staves
 + Level 0.5 Throwing
 + Level 4.5 Armour
 + Level 3.7 Dodging
 + Level 0.7 Stealth


You had 7 spell levels left.
You didn't know any spells.
Your spell library contained the following spells:

 Spells                   Type           Power      Damage    Failure   Level
 Kiss of Death            Conj/Necr      0%         2d5       98%         1
 Blink                    Tloc           0%         N/A       99%         2
 Confusing Touch          Hex            0%         N/A       100%        3
 Animate Dead             Necr           0%         N/A       100%        4
 Dispel Undead            Necr           0%         3d6       100%        4
 Manifold Assault         Tloc           0%         N/A       100%        4
 Haunt                    Necr/Summ      0%         N/A       100%        7
 Storm Form               Tmut/Air       0%         N/A       100%        7
 Infestation              Necr           0%         N/A       100%        8


Dungeon Overview and Level Annotations

Branches:
Dungeon (7/15)             Temple (1/1) D:6

Altars:
Cheibriados
Elyvilon
Fedhas
Gozag
Hepliaklqana
Nemelex Xobeh
Okawaru
Ru
Sif Muna
Wu Jian
Yredelemnul
Zin

Shops:
D:4 ?::(   D:5 :


Innate Abilities, Weirdness & Mutations

You are immune to sickness and miasma.
Your stone body is resilient. (AC +5)
You are immune to poison.
You resist negative energy. (rN+)
You are resistant to electric shocks. (rElec)
You are resistant to unholy torment.
You are immune to petrification.


Message History

* * * LOW HITPOINT WARNING * * *
The orc attacks as you move away! The orc hits you with a +0 whip.
* * * LOW HITPOINT WARNING * * *
Something misses you.
You feel better.
Something hits you but does no damage. x2
The orc hits you but does no damage.
Okay, then.
You closely miss the orc.
Something hits you but does no damage. x2
The orc hits you but does no damage.
You closely miss the orc.
Something hits you but does no damage. x2
You hit the orc.
The orc is lightly wounded.
Something hits you. Something hits you but does no damage.
The orc barely misses you. The orc hits you but does no damage.
The orc hits you with a +0 club. The orc barely misses you.
Aiming: Wall Jump
Press: ? - help, Dir - move target Something hits you.
* * * LOW HITPOINT WARNING * * *
Something hits you.
* * * LOW HITPOINT WARNING * * *
The orc hits you but does no damage.
You hit something. Something hits you.
* * * LOW HITPOINT WARNING * * *
Something hits you.
* * * LOW HITPOINT WARNING * * *
The orc barely misses you.
You closely miss the orc.
The orc is severely wounded.
Something hits you but does no damage. The orc hits you with a +0 whip.
* * * LOW HITPOINT WARNING * * *
The orc barely misses you. The orc hits you but does no damage.
You spin and attack the orc.
You bludgeon the orc!!
You kill the orc!
The Council accepts your kill.
You spin and attack the orc.
You sock the orc!
You kill the orc!
The Council accepts your kill. Something hits you.
You die...

▒▒∙∙∙∙▒ ▒∙∙∙∙∙▒
▒∙∙∙∙▒ ▒∙∙o∙▒
▒))▒
▒∙▒▒▒▒▒▒▒▒■▒▒▒▒
▒∙5∙∙∙∙∙∙∙∙∙∙∙▒
▒∙))∙∙∙∙∙∙∙∙∙∙▒
▒o∙9∙∙∙∙∙∙∙∙∙∙▒
▒▒▒▒■▒▒▒▒▒▒▒▒∙▒
▒▒▒∙∙▒ ▒∙∙∙∙▒
▒▒∙∙∙∙▒ ▒∙∙∙∙[▒
▒∙∙∙∙▒▒ ▒▒▒▒
▒∙∙∙∙▒ ▒▒∙∙∙
▒∙∙▒▒▒▒▒∙∙∙∙


You could see a shadow imp and an orc.

Vanquished Creatures
  Sigmund (D:4)
  A basilisk (D:7)
  Menkaure (D:4)
  An ogre (D:3)
  3 centaurs
  3 phantoms
  2 scorpions
  3 hounds
  2 orc priests
  A jelly (D:6)
  An iguana (D:5)
  2 sleepcaps
  2 orc wizards (D:7)
  8 gnolls
  6 adders
  A white imp (D:6)
  2 worms
  5 dart slugs
  9 orcs
  5 ball pythons
  7 endoplasms
  A giant cockroach (D:3)
  8 goblins
  6 hobgoblins
  4 jackals (D:2)
  3 quokkas
  10 bats
  7 frilled lizards
  6 kobolds
  6 rats
117 creatures vanquished.

Notes
Turn   | Place    | Note
-------+----------+-------------------------------------------
     0 | D:1      | Zeor the Gargoyle Monk began the quest for the Orb.
     0 | D:1      | Reached XP level 1. HP: 14/14 MP: 1/1
   116 | D:1      | Reached XP level 2. HP: 16/19 MP: 2/2
   570 | D:1      | Reached XP level 3. HP: 23/23 MP: 3/3
  1033 | D:2      | Reached skill level 4 in Maces & Flails
  1033 | D:2      | Reached XP level 4. HP: 18/29 MP: 4/4
  1997 | D:3      | Noticed an ogre
  2051 | D:3      | Reached XP level 5. HP: 30/33 MP: 5/5
  2075 | D:3      | Reached skill level 1 in Armour
  2405 | D:3      | Reached skill level 5 in Maces & Flails
  2405 | D:3      | Reached XP level 6. HP: 27/38 MP: 6/6
  2981 | D:4      | Noticed Sigmund
  3002 | D:4      | Killed Sigmund
  3003 | D:4      | Reached XP level 7. HP: 34/44 MP: 7/7
  3026 | D:4      | Noticed Menkaure
  3041 | D:4      | Killed Menkaure
  3042 | D:4      | Reached skill level 6 in Maces & Flails
  3188 | D:4      | Found Akomenli's Magic Scroll Shop.
  3203 | D:4      | Bought a scroll of identify for 22 gold pieces
  3203 | D:4      | Bought a scroll of identify for 22 gold pieces
  3203 | D:4      | Bought a scroll of identify for 22 gold pieces
  3203 | D:4      | Bought a scroll of poison for 44 gold pieces
  3232 | D:4      | Found a glowing silver altar of Zin.
  3310 | D:4      | Found Kivvoff's Book Emporium.
  3362 | D:4      | Found Licimm's Antique Weapon Shop.
  3572 | D:4      | Found Taptucri's Book Emporium.
  3750 | D:5      | Entered Level 5 of the Dungeon
  3932 | D:5      | Reached skill level 1 in Staves
  3970 | D:5      | Reached skill level 7 in Maces & Flails
  4041 | D:5      | Reached XP level 8. HP: 32/48 MP: 8/8
  4258 | D:5      | Found Ickyil's Tiny Tomes.
  4804 | D:6      | Found a staircase to the Ecumenical Temple.
  4817 | Temple   | Entered the Ecumenical Temple
  4824 | Temple   | Became a worshipper of the Wu Jian Council
  4824 | Temple   | Reached * piety under Wu Jian
  4824 | Temple   | Reached ** piety under Wu Jian
  4963 | D:6      | Found an opulent altar of Gozag.
  5121 | D:6      | Identified the +0 scale mail of Indemnity {Harm rPois
                  | Str-3}
  5676 | D:7      | Reached skill level 5 in Fighting
  5676 | D:7      | Reached skill level 5 in Staves
  5748 | D:7      | HP: 2/49 [orc/+0 whip (2)]
  5749 | D:7      | Slain by an unseen horror

Illustrated notes

Levels and vault maps discovered:
D:1:      saegor_arrival_simple_a, layout_loops_ring, minmay_door_square
D:2:      minmay_inner_zag, layout_basic
D:3:      layout_loops_ring
D:4:      layout_basic, nicolae_overflow_hidden_temple, serial_shops,
          kennysheep_little_box, nicolae_shop_back_alley_shop,
          nicolae_shop_stone, shop_coins, uniq_sigmund, uniq_menkaure
D:5:      layout_loops_ring, dk_noncrumbling_3, minmay_misc_feat_doors,
          nicolae_shop_i_like_small_books_too, minmay_statues_item
D:6:      layout_loops_corners, mainiacjoe_overflow_alcove_2,
          minmay_temple_entry_proselytizer
D:7:      minmay_opposing_rooms, layout_gridville, old_standard_altar,
          uniq_pikel, uniq_maggie, uniq_prince_ribbit1
Temple:   compressed_dpeg_triangle_lava_temple

Skill      XL: |  1  2  3  4  5  6  7  8 |
---------------+-------------------------+-----
Maces & Flails | 4 5 7 |  7.0
Dodging        | 3 |  3.7
Armour         | 1 2 3 4 |  4.5
Fighting       | 4 5 |  5.0
Staves         | 2 5 |  5.5
Throwing       | |  0.5
Stealth        | |  0.7

Action                     |  1- 3 |  4- 6 |  7- 9 || total
---------------------------+-------+-------+-------++-------
  Melee: Mace              |    86 |    91 |       ||   177
         Flail             |       |    53 |    23 ||    76
         Quarterstaff      |       |       |    83 ||    83
         Unarmed           |       |       |    19 ||    19
  Throw: Boomerang         |       |     4 |       ||     4
Ability: Whirlwind         |       |       |     5 ||     5
         Lunge             |       |       |     2 ||     2
         Wall Jump         |       |       |     1 ||     1
    Use: Scroll            |     3 |     8 |     7 ||    18
         Potion            |     2 |       |     2 ||     4
 Armour: Robe              |    29 |    13 |       ||    42
         Chain mail        |       |    60 |   109 ||   169
         Skin              |       |       |    11 ||    11
  Dodge: Dodged            |    67 |    82 |    82 ||   231
